AoeStats
← idle villager

African Clearing

506451602Analyzed
4v4 RM · 20d ago on Sep 13, 2026· 25m 48s· 8 players
Game mode
Random Map
Map size
Large (8 player)
Population
200
Speed
Normal
Resources
Standard
Victory
Conquest
Starting age
Dark Age
Ending age
Imperial Age
RankedLock teamsTeams togetherTeam positionsShared explorationLock speedFull tech treeHidden civsTurbo modeCheats
Victory
Defeat
🇦🇷 Bengalis · Argentina
1151
+12
🇨🇳 Magyars · China
1117
+13
🇮🇳 Teutons · India
1047
+16
🇺🇸 Maya · United States
1038
+16
🇭🇰 Vietnamese · Hong Kong SAR China
1126
-17
🇳🇱 Magyars · Netherlands
1083
-16
🇭🇰 Inca · Hong Kong SAR China
1018
-13
🇭🇰 Persians · Hong Kong SAR China
964
-11
HardstyleHunter
12:25 Loom
15:27 Feudal Age
idle villager
3:59 Loom
14:19 Feudal Age
20:33 Castle Age
19:03 Double-Bit Axe
20:42 Pikeman
22:19 Bow Saw
23:13 Horse Collar
23:55 Squires
24:45 Wheelbarrow
香江七百萬大才子
4:18 Loom
16:47 Feudal Age
Waku Waku
4:34 Loom
22:47 Feudal Age
26:21 Feudal Age
Lazerkats
6:04 Loom
14:16 Feudal Age
18:32 Castle Age
16:34 Fletching
16:40 Double-Bit Axe
16:46 Gold Mining
17:37 Padded Archer Armor
20:02 Wheelbarrow
22:01 Town Watch
23:11 Bodkin Arrow
23:39 Squires
xvadash
5:37 Loom
13:28 Feudal Age
25:06 Bloodlines
27:23 Castle Age
Null Pointer
12:15 Loom
15:21 Feudal Age
16:26 Double-Bit Axe
17:25 Wheelbarrow
16:38 Horse Collar
18:43 Forging
19:32 Scale Barding Armor
20:56 Bloodlines
26:16 Castle Age
monom song
10:03 Loom
12:52 Feudal Age
14:01 Double-Bit Axe
15:11 Horse Collar
23:56 Gold Mining
27:11 Castle Age
Connection lost

Rejoining the realm…

Still unreachable

The connection could not be restored.

Session expired

The server has moved on; the page needs a fresh start.